AoeStats
← jusart.92

Arena

510628189Analyzed
4v4 RM · 20h ago on Oct 1, 2026· 38m 16s· 8 players
Game mode
Random Map
Map size
Large (8 player)
Population
200
Speed
Normal
Resources
Standard
Victory
Conquest
Starting age
Dark Age
Ending age
Imperial Age
RankedLock teamsTeams togetherTeam positionsShared explorationLock speedFull tech treeHidden civsTurbo modeCheats
Victory
Defeat
🇹🇷 Celts · Türkiye
1418
+13
🇨🇳 Burgundians · China
1388
+14
🇵🇹 Cumans · Portugal
1342
+16
🇲🇽 Danes · Mexico
1218
+21
🇦🇷 Bohemians · Argentina
1483
-21
🇦🇷 Varangians · Argentina
1439
-20
🇦🇷 Danes · Argentina
1259
-13
🇦🇷 Bohemians · Argentina
1179
-10
Combi | Papin
8:52 Feudal Age
9:43 Double-Bit Axe
11:59 Horse Collar
15:04 Wheelbarrow
20:44 Castle Age
19:36 Gold Mining
20:39 Forging
20:53 Scale Barding Armor
21:10 Bloodlines
21:47 Bow Saw
21:56 Loom
22:27 Hand Cart
23:39 Gold Shaft Mining
23:35 Heavy Plow
24:46 Light Cavalry
27:06 Iron Casting
29:09 Imperial Age
28:35 Chain Barding Armor
29:10 Stone Mining
29:35 Cavalier
32:02 Plate Barding Armor
33:36 Blast Furnace
32:18 Paladin
38:02 Crop Rotation
38:46 Fletching
38:56 Padded Archer Armor
夕岚飞鸟还
3:31 Double-Bit Axe
8:00 Horse Collar
12:21 Feudal Age
14:13 Bow Saw
16:43 Castle Age
17:04 Gold Mining
18:39 Wheelbarrow
18:20 Loom
21:28 Imperial Age
20:03 Wheelbarrow
23:12 Chemistry
22:17 Padded Archer Armor
25:55 Leather Archer Armor
28:51 Town Watch
29:21 Hand Cart
32:30 Gold Shaft Mining
37:10 Redemption
38:20 Fletching
TERITKIS
10:22 Feudal Age
14:19 Castle Age
12:30 Double-Bit Axe
12:46 Horse Collar
16:07 Wheelbarrow
21:36 Bow Saw
22:08 Heavy Plow
21:58 Loom
24:08 Hand Cart
23:39 Town Watch
23:54 Gold Mining
23:55 Stone Mining
29:15 Imperial Age
27:03 Pikeman
27:29 Arson
27:30 Gambesons
28:34 Ballistics
28:10 Murder Holes
28:28 Stronghold
29:33 Masonry
29:45 Forging
29:36 Scale Mail Armor
29:26 Fletching
29:51 Halberdier
30:00 Heavy Scorpion
31:25 Conscription
32:30 Chain Mail Armor
32:51 Iron Casting
32:11 Bodkin Arrow
32:56 Siege Engineers
33:53 Chemistry
33:40 Elite Skirmisher
35:22 Padded Archer Armor
35:53 Plate Mail Armor
36:23 Blast Furnace
37:21 Leather Archer Armor
37:36 Fortified Wall
37:37 Masonry
37:58 Husbandry
37:18 Light Cavalry
37:39 Man-at-Arms
jusart.92
10:12 Feudal Age
11:45 Loom
14:48 Castle Age
12:39 Double-Bit Axe
13:22 Gold Mining
22:29 Sanctity
22:19 Fervor
26:22 Redemption
27:11 Bow Saw
31:05 Imperial Age
30:06 Forging
29:56 Scale Mail Armor
32:13 Iron Casting
31:53 Chain Mail Armor
32:04 Block Printing
32:24 Theocracy
31:56 Elite Varangian Guard
32:29 Gambesons
32:31 Arson
32:46 Squires
35:52 Blast Furnace
35:45 Man-at-Arms
37:06 Plate Mail Armor
36:45 Long Swordsman
38:08 Fletching
38:19 Padded Archer Armor
39:05 Wheelbarrow
38:15 Town Watch
38:03 Two-Handed Swordsman
el pichichi
11:40 Feudal Age
13:32 Double-Bit Axe
15:49 Castle Age
13:56 Horse Collar
14:44 Gold Mining
16:10 Loom
16:58 Bow Saw
16:46 Man-at-Arms
17:12 Gambesons
18:17 Fletching
21:53 Gold Shaft Mining
27:07 Heavy Plow
29:59 Imperial Age
28:55 Ballistics
28:40 Long Swordsman
29:21 Squires
29:07 Arson
29:34 Forging
29:24 Scale Mail Armor
29:57 Hamask
30:35 Town Watch
32:03 Two-Handed Swordsman
33:57 Iron Casting
33:37 Chain Mail Armor
34:43 Champion
38:03 Chain Mail Armor
weaking
10:05 Feudal Age
10:41 Double-Bit Axe
10:39 Horse Collar
12:15 Loom
19:39 Castle Age
20:42 Bow Saw
21:57 Heavy Plow
22:17 Fervor
25:03 Fletching
25:31 Crossbowman
27:37 Ballistics
26:45 Pikeman
27:26 Bodkin Arrow
32:58 Town Watch
35:31 Chemistry
Juanki
5:40 Loom
10:22 Feudal Age
15:25 Castle Age
13:43 Horse Collar
15:00 Double-Bit Axe
16:44 Loom
18:59 Loom
20:48 Fervor
23:40 Wheelbarrow
22:51 Town Watch
25:34 Scale Mail Armor
26:08 Squires
26:37 Forging
28:21 Chain Mail Armor
28:14 Arson
29:44 Hand Cart
33:17 Imperial Age
31:29 Gold Mining
31:29 Stone Mining
31:29 Gold Mining
31:29 Stone Mining
31:41 Town Patrol
32:26 Iron Casting
33:00 Fletching
33:10 Padded Archer Armor
32:42 Pikeman
33:11 Elite Skirmisher
35:08 Conscription
34:19 Gothikon
36:07 Cranequins
37:15 Bow Saw
37:20 Heavy Mounted Crossbowman
38:13 Bodkin Arrow
38:34 Leather Archer Armor
Pelado
11:11 Feudal Age
12:02 Horse Collar
14:56 Castle Age
12:54 Double-Bit Axe
15:43 Heavy Plow
16:33 Bow Saw
18:04 Fervor
22:36 Wheelbarrow
27:26 Imperial Age
26:18 Chemistry
25:56 Padded Archer Armor
27:06 Hand Cart
27:27 Wagenburg Tactics
29:24 Two-Man Saw
28:48 Town Watch
30:31 Conscription
31:00 Town Patrol
32:28 Siege Engineers
32:34 Houfnice
35:46 Coinage
Connection lost

Rejoining the realm…

Still unreachable

The connection could not be restored.

Session expired

The server has moved on; the page needs a fresh start.